 Dungeon Crawl Stone Soup version 0.30-a0-840-ga523dec638 (webtiles) character file.

Game seed: 13784896209527526622

144 qeuew the Shield-Bearer (level 5, -1/42 HPs)
             Began as a Formicid Fighter on Mar 1, 2023.
             Slain by an orc
             ... wielding a +0 dagger
              (2 damage)
             ... on level 3 of the Dungeon.
             The game lasted 00:02:11 (1317 turns).

qeuew the Shield-Bearer (Formicid Fighter)          Turns: 1317, Time: 00:02:11

Health: -1/42      AC:  7    Str: 23    XL:     5   Next: 52%
Magic:  5/5        EV: 10    Int:  7    God:
Gold:   50         SH:  5    Dex: 13    Spells: 4/4 levels left

rFire   . . .      SeeInvis +    a - +0 trident (freeze)
rCold   . . .      Faith    .    c - +0 buckler
rNeg    . . .      Spirit   .    b - +0 scale mail
rPois   .          Reflect  .    (helmet unavailable)
rElec   .          Harm     .    (no cloak)
rCorr   .          Rampage  .    (no gloves)
Will    .....                    (no boots) Stlth
                                 (no amulet)
HPRegen 0.27/turn                j - ring of flight
MPRegen 0.09/turn                (no ring)

@: mighty, flying
A: permanent stasis, dig shafts and tunnels, antennae 3, four strong arms
a: Dig, Shaft Self


You were on level 3 of the Dungeon.
You visited 1 branch of the dungeon, and saw 3 of its levels.

You collected 50 gold pieces.

Inventory:

Hand Weapons
 a - a +0 trident of freezing (weapon)
Armour
 b - a +0 scale mail (worn)
 c - a +0 buckler (worn)
Jewellery
 j - a ring of flight (left hand)
Scrolls
 g - 3 scrolls of fog
Potions
 d - a potion of might
 e - 2 potions of flight
 i - a potion of brilliance


   Skills:
 + Level 3.8 Fighting
 * Level 3.1 Polearms
 * Level 4.3 Armour
 + Level 1.1 Dodging
 * Level 5.0 Shields


You had 4 spell levels left.
You didn't know any spells.
Your spell library was empty.

Dungeon Overview and Level Annotations

Branches:
Dungeon (3/15)

Altars:


Innate Abilities, Weirdness & Mutations

You cannot be hasted, slowed, berserked, paralysed or teleported.
You can dig through walls and to a lower floor.
You have a pair of large antennae on your head. (SInv)
Your four strong arms can wield two-handed weapons with a shield.


Message History

You hit the orc priest. You freeze the orc priest.
The orc priest is lightly wounded.
The orc barely misses you. The orc closely misses you.
The orc hits you but does no damage. x2
The orc priest mumbles some strange prayers to Beogh against you.
Pain shoots through your body!
You barely miss the orc priest.
The orc priest is lightly wounded.
The orc completely misses you. You block the orc's attack.
The orc hits you but does no damage. x2
The orc priest hits you with a +0 short sword.
* * * LOW HITPOINT WARNING * * *
You closely miss the orc priest.
The orc priest is lightly wounded.
The orc hits you with a +0 club.
* * * LOW HITPOINT WARNING * * *
The orc hits you with a +0 flail.
* * * LOW HITPOINT WARNING * * *
The orc barely misses you. x2; The orc priest closely misses you.
The orc closely misses you. The orc priest barely misses you.
The orc closely misses you. You block the orc's attack.
The orc closely misses you.
You feel very mighty all of a sudden. The orc closely misses you.
You block the orc's attack. The orc hits you with a +0 dagger.
* * * LOW HITPOINT WARNING * * *
The orc closely misses you.
The orc priest looks braver for a moment.
You barely miss the orc priest.
The orc priest is lightly wounded.
You block the orc's attack. The orc hits you with a +0 flail.
* * * LOW HITPOINT WARNING * * *
The orc hits you but does no damage. x2
The orc priest hits you but does no damage.
Okay, then.
You closely miss the orc priest.
The orc priest is lightly wounded.
The orc hits you but does no damage. You block the orc's attack.
The orc hits you with a +0 dagger.
You die...

#### ###...# # ⌠...⌠.# #
####....... # ....._^...
# #......... #
#.oo...⌠..
###############.@o......
'...............oo......
###########....#.#.#####
# #....#.#.# # #..#.#.#
# # #..###.# # #... ..#
# #.###### # ...


You could see an orc priest and 4 orcs.

Vanquished Creatures
  An orc priest (D:2)
  2 orc wizards (D:2)
  3 adders (D:3)
  2 worms (D:2)
  A dart slug (D:3)
  An orc (D:2)
  5 ball pythons
  2 endoplasms
  A giant cockroach (D:1)
  A goblin (D:1)
  4 hobgoblins
  A bat (D:2)
  4 frilled lizards
  5 kobolds
  2 rats
35 creatures vanquished.

Notes
Turn   | Place    | Note
-------+----------+-------------------------------------------
     0 | D:1      | qeuew the Formicid Fighter began the quest for the Orb.
     0 | D:1      | Reached XP level 1. HP: 18/18 MP: 1/1
    59 | D:1      | Reached XP level 2. HP: 19/24 MP: 2/2
   645 | D:2      | Reached XP level 3. HP: 29/29 MP: 3/3
   808 | D:2      | Reached XP level 4. HP: 30/35 MP: 4/4
   811 | D:2      | Reached skill level 1 in Dodging
   812 | D:2      | Reached XP level 5. HP: 26/42 MP: 5/5
   894 | D:2      | Identified the +5 long sword "Ychogygh" {freeze, rF+ rN+
                  | Dex+3 Stlth+}
  1239 | D:3      | Reached skill level 5 in Shields
  1298 | D:3      | Found a faded altar of an unknown god.
  1315 | D:3      | HP: 2/42 [orc/+0 dagger (2)]
  1317 | D:3      | Slain by an orc

Illustrated notes

Levels and vault maps discovered:
D:1:      roderic_crossed_star, layout_loops_ring
D:2:      layout_basic
D:3:      layout_basic, hellmonk_ecumenical_altar_run_dry, grunt_ministairs_6,
          grunt_decor_resistance, dk_noncrumbling_4, serial_bayou_crossing

Skill      XL: |  1  2  3  4  5 |
---------------+----------------+-----
Armour         | 4 |  4.3
Dodging        | 1 |  1.1
Polearms       | 3 |  3.1
Shields        | 5 |  5.0
Fighting       | |  3.8

Action                     |  1- 3 |  4- 6 || total
---------------------------+-------+-------++-------
  Melee: Trident           |    57 |    50 ||   107
    Use: Scroll            |     5 |     2 ||     7
         Potion            |       |     3 ||     3
 Armour: Scale mail        |    11 |    27 ||    38
  Dodge: Dodged            |    15 |    44 ||    59
  Block: Buckler           |    10 |    16 ||    26

Table legend: (Time is in decaauts)
 A = Elapsed time spent in this place.
 B = Non-inter-level travel time spent in this place.
 C = Inter-level travel time spent in this place.
 D = Time resting spent in this place.
 E = Time spent auto-exploring this place.
 F = Levels seen in this place.
 G = Mean time per level.
                   A        B        C        D        E       F      G
               +--------+--------+--------+--------+--------+-----+--------+
         Total |   1337 |   1292 |     45 |      0 |   1040 |   3 |  445.7 |
       Dungeon |   1337 |   1292 |     45 |      0 |   1040 |   3 |  445.7 |
               +--------+--------+--------+--------+--------+-----+--------+

Top non-repeatable levels by time:
     D:1: 639 daAuts
     D:2: 605 daAuts
     D:3: 93 daAuts
